3194 views
Uploaded 2020-03-06 20:45:31
Game version 1.32.2
11:19 long 4on4 ladder game on (8)GoldRush
Saved by BEARAND
3194 views
Uploaded 2020-03-06 20:45:31
Game version 1.32.2
11:19 long 4on4 ladder game on (8)GoldRush


88 units @ 10.9k
/ 0.9k
42 buildings @ 5.7k
/ 1.5k


| Wisp | 9 | 540 | / | 0 |
| Archer | 7 | 910 | / | 70 |
| Glaive Thrower | 7 | 1470 | / | 455 |
| total: | 23 | 2920g | / | 525w |
| Moon Well | 6 | 1080 | / | 240 |
| Altar of Elders | 1 | 180 | / | 50 |
| Ancient of War | 2 | 300 | / | 120 |
| Hunter's Hall | 1 | 210 | / | 100 |
| Tree of Ages | 2 | 640 | / | 360 |
| total: | 10 | 1770g | / | 510w |
| 0:04 | Wisp |
| 0:04 | Wisp |
| 0:05 | Wisp |
| 0:25 | Moon Well |
| 0:36 | Altar of Elders |
| 0:38 | Wisp |
| 0:38 | Wisp |
| 0:49 | Wisp |
| 1:03 | Ancient of War |
| 1:19 | Moon Well |
| 1:22 | Wisp |
| 1:22 | Wisp |
| 1:48 | Wisp |
| 2:04 | Archer |
| 2:04 | Archer |
| 2:16 | Moon Well |
| 2:29 | Archer |
| 3:00 | Entangling Roots |
| 3:04 | Archer |
| 3:04 | Archer |
| 3:11 | Moon Well |
| 3:57 | Moon Well |
| 4:01 | Archer |
| 4:01 | Archer |
| 4:04 | Hunter's Hall |
| 4:46 | Tree of Ages |
| 5:22 | Moon Well |
| 5:24 | Glaive Thrower |
| 5:39 | Glaive Thrower |
| 6:14 | Glaive Thrower |
| 6:47 | Strength of the Moon |
| 7:39 | Ancient of War |
| 7:43 | Glaive Thrower |
| 8:05 | Glaive Thrower |
| 8:07 | Ultravision |
| 8:44 | Glaive Thrower |
| 8:44 | Glaive Thrower |
| 8:47 | Improved Strength of the Moon |
| 9:05 | Trueshot Aura |
| 9:21 | Vorpal Blades |
| 10:12 | Moon Armor |
| Right click | 297 |
| Select | 231 |
| Build/train/purchase | 34 |
| Use ability | 13 |

| Sacrificial Skull | 1 | 50 |
| Rod of Necromancy | 1 | 150 |
| Dust of Appearance | 1 | 75 |
| total: | 3 | 275g |
| Acolyte | 9 | 675 | / | 0 |
| Ghoul | 10 | 1200 | / | 0 |
| Crypt Fiend | 3 | 645 | / | 120 |
| total: | 22 | 2520g | / | 120w |
| Nerubian Tower | 1 | 100 | / | 20 |
| Crypt | 1 | 200 | / | 50 |
| Ziggurat | 4 | 600 | / | 200 |
| Altar of Darkness | 2 | 360 | / | 100 |
| Tomb of Relics | 1 | 130 | / | 30 |
| Graveyard | 1 | 215 | / | 0 |
| Necropolis | 1 | 225 | / | 0 |
| total: | 10 | 1730g | / | 380w |
| 0:01 | Acolyte |
| 0:05 | Crypt |
| 0:14 | Acolyte |
| 0:17 | Ziggurat |
| 0:32 | Altar of Darkness |
| 0:49 | Ziggurat |
| 1:06 | Ghoul |
| 1:17 | Tomb of Relics |
| 1:26 | Ghoul |
| 1:38 | Ghoul |
| 1:48 | Nerubian Tower |
| 2:00 | Ghoul |
| 2:12 | Ghoul |
| 2:20 | Acolyte |
| 2:32 | Sacrificial Skull |
| 2:33 | Sleep |
| 2:39 | Cannibalize |
| 3:04 | Ziggurat |
| 4:08 | Acolyte |
| 4:26 | Acolyte |
| 4:39 | Acolyte |
| 5:04 | Ghoul |
| 5:13 | Dust of Appearance |
| 5:19 | Ghoul |
| 5:25 | Acolyte |
| 6:02 | Rod of Necromancy |
| 6:03 | Ghoul |
| 6:22 | Ghoul |
| 6:39 | Acolyte |
| 6:40 | Acolyte |
| 6:57 | Graveyard |
| 7:55 | Carrion Swarm |
| 7:58 | Altar of Darkness |
| 8:12 | Ghoul |
| 9:30 | Necropolis |
| 9:55 | Crypt Fiend |
| 10:10 | Crypt Fiend |
| 10:24 | Crypt Fiend |
| 10:43 | Ziggurat |
| Right click | 739 |
| Select | 557 |
| Select group | 243 |
| Build/train/purchase | 32 |
| Use ability | 22 |
| Assign group | 9 |
| Misc. action | 9 |

| Lesser Clarity Potion | 1 | 70 |
| total: | 1 | 70g |
| Peasant | 9 | 675 | / | 0 |
| Footman | 5 | 675 | / | 0 |
| total: | 14 | 1350g | / | 0w |
| Scout Tower | 1 | 30 | / | 20 |
| Arcane Tower | 1 | 70 | / | 50 |
| Altar of Kings | 1 | 180 | / | 50 |
| Farm | 3 | 240 | / | 60 |
| Barracks | 1 | 160 | / | 60 |
| Lumber Mill | 1 | 120 | / | 0 |
| total: | 7 | 730g | / | 190w |
| 0:05 | Peasant |
| 0:05 | Peasant |
| 0:05 | Peasant |
| 0:09 | Altar of Kings |
| 0:12 | Farm |
| 0:16 | Farm |
| 0:31 | Barracks |
| 0:46 | Peasant |
| 1:00 | Peasant |
| 1:13 | Lumber Mill |
| 1:18 | Peasant |
| 1:35 | Footman |
| 1:40 | Peasant |
| 1:53 | Footman |
| 2:00 | Scout Tower |
| 2:06 | Farm |
| 2:17 | Footman |
| 2:25 | Summon Water Elemental |
| 2:29 | Peasant |
| 2:29 | Peasant |
| 2:34 | Arcane Tower |
| 3:57 | Footman |
| 3:57 | Footman |
| 5:13 | Lesser Clarity Potion |
| 7:28 | Blizzard |
| Right click | 462 |
| Select | 198 |
| Build/train/purchase | 35 |
| Misc. action | 12 |
| Assign group | 3 |
| Select group | 2 |
| Use ability | 1 |
| Remove unit | 1 |

| Lesser Clarity Potion | 1 | 70 |
| total: | 1 | 70g |
| Peasant | 8 | 600 | / | 0 |
| Footman | 11 | 1485 | / | 0 |
| Rifleman | 10 | 2050 | / | 300 |
| total: | 29 | 4135g | / | 300w |
| Scout Tower | 3 | 90 | / | 60 |
| Arcane Tower | 1 | 70 | / | 50 |
| Guard Tower | 2 | 140 | / | 100 |
| Altar of Kings | 1 | 180 | / | 50 |
| Farm | 6 | 480 | / | 120 |
| Barracks | 2 | 320 | / | 120 |
| Lumber Mill | 1 | 120 | / | 0 |
| Arcane Vault | 1 | 130 | / | 30 |
| Blacksmith | 1 | 140 | / | 60 |
| total: | 15 | 1460g | / | 440w |
| 0:03 | Peasant |
| 0:11 | Altar of Kings |
| 0:17 | Farm |
| 0:18 | Farm |
| 0:20 | Peasant |
| 0:25 | Barracks |
| 0:34 | Peasant |
| 0:50 | Peasant |
| 1:06 | Peasant |
| 1:21 | Peasant |
| 1:30 | Footman |
| 1:31 | Footman |
| 1:37 | Farm |
| 1:43 | Scout Tower |
| 1:51 | Peasant |
| 1:53 | Footman |
| 1:58 | Farm |
| 2:05 | Scout Tower |
| 2:10 | Peasant |
| 2:15 | Flame Strike |
| 2:25 | Lumber Mill |
| 2:34 | Arcane Vault |
| 2:38 | Arcane Tower |
| 2:53 | Scout Tower |
| 3:11 | Footman |
| 3:40 | Footman |
| 3:56 | Footman |
| 4:26 | Footman |
| 4:32 | Guard Tower |
| 4:32 | Guard Tower |
| 4:36 | Barracks |
| 4:40 | Farm |
| 4:43 | Farm |
| 5:00 | Blacksmith |
| 5:13 | Lesser Clarity Potion |
| 5:15 | Footman |
| 5:42 | Footman |
| 6:10 | Footman |
| 6:34 | Footman |
| 7:13 | Rifleman |
| 7:13 | Rifleman |
| 7:49 | Rifleman |
| 7:58 | Rifleman |
| 8:22 | Black Gunpowder |
| 8:43 | Rifleman |
| 8:55 | Rifleman |
| 9:22 | Rifleman |
| 9:39 | Rifleman |
| 10:16 | Rifleman |
| 10:35 | Siphon Mana |
| 10:42 | Rifleman |
| Right click | 516 |
| Select group | 346 |
| Select | 166 |
| Chat | 72 |
| Build/train/purchase | 43 |
| Assign group | 21 |
| Use ability | 9 |
| Remove unit | 1 |
| Minimap ping | 1 |
66 units @ 6.3k
/ 0.3k
115 buildings @ 8.1k
/ 3.7k


| Lesser Clarity Potion | 2 | 140 |
| Scroll of Regeneration | 1 | 100 |
| Potion of Mana | 1 | 200 |
| Boots of Speed | 1 | 250 |
| Healing Salve | 1 | 100 |
| total: | 6 | 790g |
| Peasant | 14 | 1050 | / | 0 |
| total: | 14 | 1050g | / | 0w |
| Scout Tower | 23 | 690 | / | 460 |
| Guard Tower | 16 | 1120 | / | 800 |
| Arcane Tower | 1 | 70 | / | 50 |
| Altar of Kings | 1 | 180 | / | 50 |
| Farm | 4 | 320 | / | 80 |
| Lumber Mill | 2 | 240 | / | 0 |
| Arcane Vault | 1 | 130 | / | 30 |
| Keep | 1 | 320 | / | 210 |
| Castle | 1 | 360 | / | 210 |
| total: | 31 | 1560g | / | 620w |
| 0:02 | Peasant |
| 0:03 | Peasant |
| 0:07 | Altar of Kings |
| 0:16 | Peasant |
| 0:19 | Farm |
| 0:23 | Peasant |
| 0:31 | Farm |
| 0:35 | Lumber Mill |
| 0:39 | Peasant |
| 0:54 | Lumber Mill |
| 1:11 | Farm |
| 1:15 | Peasant |
| 1:30 | Peasant |
| 1:31 | Peasant |
| 1:46 | Peasant |
| 1:50 | Peasant |
| 1:51 | Peasant |
| 1:57 | Scout Tower |
| 1:58 | Scout Tower |
| 2:01 | Scout Tower |
| 2:06 | Improved Masonry |
| 2:08 | Blizzard |
| 2:12 | Healing Salve |
| 2:23 | Guard Tower |
| 3:01 | Guard Tower |
| 3:02 | Peasant |
| 3:03 | Peasant |
| 3:03 | Peasant |
| 3:08 | Scout Tower |
| 3:09 | Scout Tower |
| 3:09 | Scout Tower |
| 3:10 | Scout Tower |
| 3:15 | Guard Tower |
| 3:17 | Scout Tower |
| 3:36 | Scout Tower |
| 3:37 | Guard Tower |
| 3:40 | Guard Tower |
| 3:43 | Guard Tower |
| 4:05 | Guard Tower |
| 4:12 | Scout Tower |
| 4:13 | Scout Tower |
| 4:35 | Keep |
| 4:37 | Scout Tower |
| 4:38 | Scout Tower |
| 4:57 | Scout Tower |
| 4:58 | Scout Tower |
| 5:01 | Farm |
| 5:04 | Scout Tower |
| 5:05 | Guard Tower |
| 5:29 | Guard Tower |
| 5:50 | Guard Tower |
| 5:54 | Scout Tower |
| 5:56 | Scout Tower |
| 6:13 | Arcane Tower |
| 6:22 | Guard Tower |
| 6:23 | Scout Tower |
| 6:43 | Scout Tower |
| 6:44 | Scout Tower |
| 7:15 | Boots of Speed |
| 7:26 | Guard Tower |
| 7:46 | Arcane Vault |
| 7:53 | Guard Tower |
| 7:54 | Scout Tower |
| 7:55 | Advanced Masonry |
| 8:21 | Storm Bolt |
| 8:31 | Guard Tower |
| 8:33 | Scout Tower |
| 9:11 | Lesser Clarity Potion |
| 9:11 | Lesser Clarity Potion |
| 9:48 | Scroll of Regeneration |
| 10:18 | Brilliance Aura |
| 10:26 | Guard Tower |
| 10:27 | Castle |
| 10:34 | Potion of Mana |
| 10:46 | Bash |
| Right click | 1258 |
| Select | 280 |
| Build/train/purchase | 120 |
| Select group | 86 |
| Chat | 37 |
| Use ability | 21 |
| Assign group | 14 |
| Item give/drop | 3 |
| Misc. action | 2 |
| Minimap ping | 1 |


| Rod of Necromancy | 1 | 150 |
| Sacrificial Skull | 1 | 50 |
| Lesser Clarity Potion | 2 | 140 |
| Orb of Corruption | 1 | 375 |
| Staff of Teleportation | 1 | 150 |
| Boots of Speed | 1 | 250 |
| Periapt of Vitality | 1 | 325 |
| Circlet of Nobility | 1 | 175 |
| Healing Salve | 2 | 200 |
| total: | 11 | 1815g |
| Acolyte | 2 | 150 | / | 0 |
| Ghoul | 9 | 1080 | / | 0 |
| Obsidian Statue | 2 | 400 | / | 70 |
| total: | 13 | 1630g | / | 70w |
| Nerubian Tower | 1 | 100 | / | 20 |
| Spirit Tower | 2 | 290 | / | 80 |
| Crypt | 1 | 200 | / | 50 |
| Altar of Darkness | 1 | 180 | / | 50 |
| Ziggurat | 4 | 600 | / | 200 |
| Tomb of Relics | 1 | 130 | / | 30 |
| Graveyard | 1 | 215 | / | 0 |
| Slaughterhouse | 1 | 140 | / | 135 |
| Halls of the Dead | 1 | 320 | / | 210 |
| Black Citadel | 1 | 325 | / | 230 |
| total: | 9 | 1465g | / | 465w |
| 0:06 | Acolyte |
| 0:09 | Crypt |
| 0:12 | Altar of Darkness |
| 0:15 | Acolyte |
| 0:38 | Ziggurat |
| 1:08 | Tomb of Relics |
| 1:11 | Ghoul |
| 1:19 | Ziggurat |
| 1:29 | Ghoul |
| 1:46 | Nerubian Tower |
| 1:51 | Ghoul |
| 2:11 | Ghoul |
| 2:27 | Death Coil |
| 2:28 | Rod of Necromancy |
| 2:29 | Sacrificial Skull |
| 2:35 | Ghoul |
| 4:19 | Ghoul |
| 4:19 | Ghoul |
| 4:19 | Ghoul |
| 5:06 | Ghoul |
| 5:08 | Graveyard |
| 5:18 | Halls of the Dead |
| 6:05 | Unholy Aura |
| 7:50 | Healing Salve |
| 7:51 | Healing Salve |
| 7:51 | Lesser Clarity Potion |
| 7:51 | Lesser Clarity Potion |
| 7:56 | Black Citadel |
| 7:58 | Slaughterhouse |
| 8:00 | Spirit Tower |
| 8:08 | Ziggurat |
| 8:09 | Ziggurat |
| 8:46 | Staff of Teleportation |
| 8:46 | Boots of Speed |
| 8:47 | Periapt of Vitality |
| 8:48 | Circlet of Nobility |
| 8:53 | Frost Nova |
| 9:52 | Obsidian Statue |
| 9:52 | Obsidian Statue |
| 9:57 | Spirit Tower |
| 10:19 | Orb of Corruption |
| Right click | 914 |
| Select group | 222 |
| Select | 119 |
| Misc. action | 46 |
| Build/train/purchase | 43 |
| Use ability | 30 |
| Resource trade | 23 |
| Assign group | 12 |
| Item give/drop | 3 |
| Esc | 2 |

| Scroll of Regeneration | 2 | 200 |
| Staff of Teleportation | 1 | 150 |
| Healing Salve | 1 | 100 |
| total: | 4 | 450g |
| Peasant | 22 | 1650 | / | 0 |
| total: | 22 | 1650g | / | 0w |
| Scout Tower | 50 | 1500 | / | 1000 |
| Arcane Tower | 2 | 140 | / | 100 |
| Guard Tower | 26 | 1820 | / | 1300 |
| Altar of Kings | 1 | 180 | / | 50 |
| Lumber Mill | 1 | 120 | / | 0 |
| Farm | 2 | 160 | / | 40 |
| Arcane Vault | 1 | 130 | / | 30 |
| Town Hall | 1 | 385 | / | 205 |
| Keep | 1 | 320 | / | 210 |
| total: | 56 | 2475g | / | 1325w |
| 0:01 | Peasant |
| 0:04 | Altar of Kings |
| 0:13 | Peasant |
| 0:17 | Lumber Mill |
| 0:19 | Peasant |
| 0:25 | Farm |
| 0:33 | Peasant |
| 0:56 | Peasant |
| 1:04 | Peasant |
| 1:22 | Peasant |
| 1:24 | Farm |
| 1:27 | Peasant |
| 1:36 | Scout Tower |
| 1:40 | Scout Tower |
| 1:42 | Peasant |
| 2:03 | Arcane Tower |
| 2:06 | Peasant |
| 2:17 | Scout Tower |
| 2:21 | Scout Tower |
| 2:30 | Guard Tower |
| 2:33 | Peasant |
| 2:37 | Blizzard |
| 2:46 | Scout Tower |
| 2:47 | Scout Tower |
| 2:48 | Scout Tower |
| 3:10 | Guard Tower |
| 3:11 | Scout Tower |
| 3:11 | Scout Tower |
| 3:28 | Guard Tower |
| 3:30 | Scout Tower |
| 3:34 | Scout Tower |
| 3:38 | Guard Tower |
| 3:44 | Scout Tower |
| 3:45 | Scout Tower |
| 3:46 | Scout Tower |
| 3:56 | Scout Tower |
| 3:57 | Scout Tower |
| 4:19 | Guard Tower |
| 4:22 | Scout Tower |
| 4:23 | Scout Tower |
| 4:26 | Arcane Vault |
| 4:31 | Brilliance Aura |
| 4:41 | Guard Tower |
| 4:50 | Scout Tower |
| 4:51 | Scout Tower |
| 5:15 | Scroll of Regeneration |
| 5:18 | Scout Tower |
| 5:19 | Scout Tower |
| 5:19 | Scout Tower |
| 5:20 | Scout Tower |
| 5:25 | Guard Tower |
| 5:27 | Scout Tower |
| 5:29 | Scout Tower |
| 5:29 | Scout Tower |
| 5:57 | Guard Tower |
| 5:58 | Peasant |
| 6:05 | Guard Tower |
| 6:07 | Guard Tower |
| 6:12 | Guard Tower |
| 6:31 | Town Hall |
| 6:39 | Guard Tower |
| 6:40 | Peasant |
| 6:40 | Peasant |
| 7:38 | Guard Tower |
| 7:39 | Peasant |
| 7:40 | Peasant |
| 7:40 | Peasant |
| 7:43 | Improved Masonry |
| 8:11 | Peasant |
| 8:11 | Peasant |
| 8:20 | Scroll of Regeneration |
| 8:25 | Scout Tower |
| 8:26 | Scout Tower |
| 8:29 | Scout Tower |
| 8:31 | Peasant |
| 8:43 | Scout Tower |
| 8:47 | Peasant |
| 8:48 | Peasant |
| 8:54 | Guard Tower |
| 8:56 | Scout Tower |
| 8:58 | Scout Tower |
| 8:59 | Guard Tower |
| 9:07 | Keep |
| 9:11 | Staff of Teleportation |
| 9:19 | Guard Tower |
| 9:20 | Scout Tower |
| 9:21 | Scout Tower |
| 9:23 | Scout Tower |
| 9:24 | Scout Tower |
| 9:50 | Healing Salve |
| 9:55 | Guard Tower |
| 9:57 | Scout Tower |
| 9:58 | Scout Tower |
| 9:59 | Scout Tower |
| 10:01 | Scout Tower |
| 10:01 | Scout Tower |
| 10:13 | Scout Tower |
| 10:14 | Scout Tower |
| 10:15 | Scout Tower |
| 10:16 | Scout Tower |
| 10:29 | Guard Tower |
| 10:36 | Guard Tower |
| 10:52 | Guard Tower |
| 10:55 | Scout Tower |
| 10:57 | Scout Tower |
| 10:59 | Scout Tower |
| 11:03 | Guard Tower |
| 11:11 | Scout Tower |
| Right click | 497 |
| Select | 211 |
| Select group | 191 |
| Assign group | 155 |
| Build/train/purchase | 68 |
| Use ability | 11 |
| Chat | 7 |
| Misc. action | 6 |
| Minimap ping | 4 |
| Remove unit | 1 |

| Healing Salve | 4 | 400 |
| Lesser Clarity Potion | 3 | 210 |
| Scroll of Speed | 2 | 100 |
| Potion of Healing | 1 | 150 |
| Boots of Speed | 1 | 250 |
| Staff of Teleportation | 1 | 150 |
| Scroll of Regeneration | 1 | 100 |
| total: | 13 | 1360g |
| Peon | 10 | 750 | / | 0 |
| Raider | 7 | 1260 | / | 280 |
| total: | 17 | 2010g | / | 280w |
| Watch Tower | 9 | 990 | / | 720 |
| Altar of Storms | 1 | 180 | / | 50 |
| Orc Burrow | 4 | 640 | / | 160 |
| Voodoo Lounge | 2 | 260 | / | 60 |
| War Mill | 1 | 205 | / | 0 |
| Beastiary | 2 | 290 | / | 280 |
| Stronghold | 1 | 315 | / | 190 |
| total: | 19 | 2565g | / | 1270w |
| 0:07 | Peon |
| 0:10 | Altar of Storms |
| 0:11 | Peon |
| 0:18 | Orc Burrow |
| 0:26 | Peon |
| 0:41 | Peon |
| 0:53 | Voodoo Lounge |
| 1:01 | Peon |
| 1:20 | Peon |
| 1:25 | War Mill |
| 1:33 | Peon |
| 1:48 | Peon |
| 2:03 | Peon |
| 2:04 | Peon |
| 2:10 | Wind Walk |
| 2:34 | Healing Salve |
| 2:34 | Lesser Clarity Potion |
| 2:34 | Scroll of Speed |
| 2:36 | Lesser Clarity Potion |
| 2:40 | Watch Tower |
| 3:01 | Stronghold |
| 3:34 | Watch Tower |
| 4:10 | Watch Tower |
| 4:10 | Watch Tower |
| 4:51 | Watch Tower |
| 4:56 | Watch Tower |
| 5:27 | Beastiary |
| 5:29 | Beastiary |
| 5:31 | Orc Burrow |
| 5:32 | Pillage |
| 5:34 | Boots of Speed |
| 5:35 | Staff of Teleportation |
| 5:59 | Watch Tower |
| 6:22 | Potion of Healing |
| 6:44 | Raider |
| 6:52 | Orc Burrow |
| 6:55 | Critical Strike |
| 7:02 | Steel Melee Weapons |
| 7:07 | Watch Tower |
| 7:08 | Raider |
| 7:19 | Ensnare |
| 8:19 | Voodoo Lounge |
| 8:39 | Raider |
| 8:40 | Raider |
| 8:43 | Watch Tower |
| 9:07 | Raider |
| 9:08 | Raider |
| 9:38 | Healing Salve |
| 10:41 | Raider |
| 10:43 | Wind Walk |
| 10:54 | Orc Burrow |
| 10:59 | Scroll of Regeneration |
| 11:03 | Healing Salve |
| 11:03 | Healing Salve |
| 11:03 | Lesser Clarity Potion |
| 11:04 | Scroll of Speed |
| Right click | 730 |
| Assign group | 360 |
| Select group | 230 |
| Select | 162 |
| Build/train/purchase | 63 |
| Use ability | 25 |
| Misc. action | 2 |
| Item give/drop | 1 |
⇛